 Dungeon Sprint DCSS version 0.26-a0-664-gc8b27b8fc1 (webtiles) character file.

Game seed: 12699042578524636662

47 Conn the Magician (level 3, -2/21 HPs)
             Began as an Octopode Hedge Wizard on Oct 13, 2020.
             Splashed by an oklob sapling priest's acid (13 damage)
             ... in the Dungeon (Sprint IV: "Fedhas' Mad Dash").
             The game lasted 00:03:23 (334 turns).

Conn the Magician (Octopode Hedge Wizard)            Turns: 334, Time: 00:03:24

Health: -2/21      AC:  1    Str:  9    XL:     3   Next: 70%
Magic:  2/10       EV: 13    Int: 17    God:
Gold:   49         SH:  0    Dex: 11    Spells: 1/14 levels left

rFire    . . .     SeeInvis .   j - +0 short sword
rCold    . . .     Faith    .   (no shield)
rNeg     . . .     Spirit   .   b - +0 hat
rPois    .         Reflect  .   c - amulet of invisibility {+Inv}
rElec    .         Harm     .   (no ring)
rCorr    .         Rampage  .   (no ring)
MR       .....     NoTele   +   (no ring)
Stlth    +++.......             (no ring)
HPRegen  0.07/turn              (no ring)
MPRegen  0.12/turn              (no ring)
                                (no ring)
                                (no ring)

@: very slightly contaminated
A: almost no armour, stealthy swim, amphibious, 8 rings, constrict 8, camouflage
1, gelatinous body 1
a: Evoke Invisibility


You were in the Dungeon.
You visited 1 branch You collected 49 gold pieces.

Inventory:

Hand Weapons
 a - a +0 dagger
 j - a +0 short sword (weapon)
Armour
 b - a +0 hat (worn)
Jewellery
 c - the amulet of invisibility (around mantle) {+Inv}
   (You found it in the Dungeon)

   [amulet of nothing]

   It lets you turn invisible.
Scrolls
 i - a scroll of blinking
Potions
 d - a potion of curing
 e - a potion of heal wounds
 f - a potion of haste
 g - a potion of magic
 h - a potion of berserk rage


   Skills:
 + Level 0.1 Fighting
 + Level 1.1 Short Blades
 + Level 2.7 Dodging
 + Level 3.6 Stealth
 * Level 6.1 Spellcasting
 * Level 2.0 Conjurations
 + Level 1.0 Summonings
 + Level 1.0 Translocations


You had one spell level left.
You knew the following spells:

 Your Spells              Type           Power        Failure   Level
a - Magic Dart            Conj           ##..         5%          1
b - Blink                 Tloc           N/A          13%         2
c - Call Imp              Summ           #.......     12%         2
d - Conjure Flame         Conj/Fire      #.......     26%         3
e - Mephitic Cloud        Conj/Pois/Air  #.......     28%         3
f - Slow                  Hex            #.......     19%         2

Your spell library contained the following spells:

 Spells                   Type           Power        Failure   Level


Dungeon Overview and Level Annotations

Branches:
Dungeon (1/1)

Altars:
Cheibriados
Gozag
Hepliaklqana
Makhleb
Nemelex Xobeh
Ru
Sif Muna
Trog
Wu Jian
Xom
Yredelemnul
Beogh
Jiyva

Annotations:
D exclusion: oklob sapling


Innate Abilities, Weirdness & Mutations

You cannot wear most types of armour.
You are very stealthy in the water. (Stealth+)
You are amphibious.
You can wear up to eight rings at the same time.
You can use your tentacles to constrict eight enemies at once.
Your skin changes colour to match your surroundings (Stealth+).
Your rubbery body absorbs attacks. (AC +1, EV +1)


Message History

The oklob sapling priest is severely damaged.
You flicker back into view.
Casting: Magic Dart (safe; 5% risk of failure)
Confirm with . or Enter, or press ? or * to list all spells.
Aiming: Magic Dart (safe; 5% risk of failure)
Press: ? - help, Shift-Dir - straight line, f/p - oklob sapling priest
Aim: an oklob sapling priest (severely damaged)
The magic dart hits the oklob sapling priest but does no damage.
The oklob sapling priest is severely damaged.
Casting: Magic Dart (safe; 5% risk of failure)
Confirm with . or Enter, or press ? or * to list all spells.
Aiming: Magic Dart (safe; 5% risk of failure)
Press: ? - help, Shift-Dir - straight line, f/p - oklob sapling priest
Aim: an oklob sapling priest (severely damaged)
The magic dart hits the oklob sapling priest but does no damage.
The oklob sapling priest is severely damaged.
The oklob sapling priest spits acid at you.
The splash of acid hits you!
You are splashed with acid!
Ouch! That really hurt!
You die...

########################
<..P#.....#.....#.⌠._._.
PP..÷.(...'.#...@.._._._
PPPP#.....#.#†..#..._._P
##############+##.._._._
._._._. #######


You could see an oklob sapling priest.

Vanquished Creatures
  An oklob sapling (D)
  A river rat (D)
  A rat (D)
3 creatures vanquished.

Vanquished Creatures (collateral kills)
  A worker ant (D)
1 creature vanquished.

Grand Total: 4 creatures vanquished

Notes
Turn   | Place    | Note
-------+----------+-------------------------------------------
     0 | D        | Conn the Octopode Hedge Wizard began the quest for the Orb.
     0 | D        | Reached XP level 1. HP: 11/11 MP: 4/4
    11 | D        | Reached skill level 4 in Spellcasting
    11 | D        | Reached XP level 2. HP: 8/17 MP: 0/7
   192 | D        | Noticed an oklob sapling
   197 | D        | Killed an oklob sapling
   197 | D        | Reached skill level 1 in Short Blades
   197 | D        | Reached skill level 5 in Spellcasting
   197 | D        | Reached XP level 3. HP: 21/21 MP: 5/10
   240 | D        | Learned a level 2 spell: Blink
   243 | D        | Learned a level 2 spell: Call Imp
   247 | D        | Learned a level 3 spell: Conjure Flame
   251 | D        | Learned a level 3 spell: Mephitic Cloud
   255 | D        | Found the amulet of invisibility {+Inv}
   260 | D        | Reached skill level 6 in Spellcasting
   310 | D        | Learned a level 2 spell: Slow
   311 | D        | Found an opulent altar of Gozag.
   311 | D        | Found a hazy altar of Hepliaklqana.
   311 | D        | Found a burning altar of Makhleb.
   311 | D        | Found a roughly hewn altar of Beogh.
   311 | D        | Found a sparkling altar of Nemelex Xobeh.
   311 | D        | Found a snail-covered altar of Cheibriados.
   311 | D        | Found a sacrificial altar of Ru.
   311 | D        | Found a shimmering blue altar of Sif Muna.
   311 | D        | Found a shimmering altar of Xom.
   311 | D        | Found a basalt altar of Yredelemnul.
   312 | D        | Found a viscous altar of Jiyva.
   312 | D        | Found a bloodstained altar of Trog.
   312 | D        | Found an ornate altar of the Wu Jian Council.
   312 | D        | Noticed an oklob sapling priest
   334 | D        | Splashed by an oklob sapling priest's acid

Illustrated notes

Levels and vault maps discovered:
D:        dungeon_sprint_fedhas [sprint_temple]

Skill      XL: |  1  2  3 |
---------------+----------+-----
Stealth        | 3 |  3.6
Spellcasting   | 4 5 6 |  6.1
Short Blades   | 1 |  1.1
Conjurations   | 2 |  2.0
Fighting       | |  0.1
Dodging        | |  2.7
Summonings     | |  1.0
Translocations | |  1.0

Action                   || total
-------------------------++-------
Melee: Dagger            ||     6
       Constrict         ||     2
 Cast: Magic Dart        ||    24
       Call Imp          ||     3
 Abil: Evoke Invisibilit ||     1
  Use: Potion            ||     1
 Stab: Sleeping          ||     1
Dodge: Dodged            ||     3

Table legend: (Time is in decaauts)
 A = Elapsed time spent in this place.
 B = Non-inter-level travel time spent in this place.
 C = Inter-level travel time spent in this place.
 D = Time resting spent in this place.
 E = Time spent auto-exploring this place.
 F = Levels seen in this place.
 G = Mean time per level.
                   A        B        C        D        E       F      G
               +--------+--------+--------+--------+--------+-----+--------+
         Total |    333 |    333 |      0 |    227 |      0 |   1 |  333.0 |
       Dungeon |    333 |    333 |      0 |    227 |      0 |   1 |  333.0 |
               +--------+--------+--------+--------+--------+-----+--------+

Top non-repeatable levels by time:
       D: 333 daAuts
